 Dungeon Crawl Stone Soup version 0.29-a0-973-gac7da5f7f0 (webtiles) character file.

Game seed: 16860950338580156476

28 purpskrrrp the Shooter (level 3, -1/28 HPs)
             Began as a Formicid Hunter on Aug 1, 2022.
             Was a Follower of Dithmenos.
             Slain by Terence
             ... wielding a +0 hand axe
              (8 damage)
             ... on level 1 of the Dungeon.
             The game lasted 00:02:17 (545 turns).

purpskrrrp the Shooter (Formicid Hunter)             Turns: 545, Time: 00:02:18

Health: -1/28      AC:  3    Str: 15    XL:     3   Next: 30%
Magic:  3/3        EV: 12    Int:  8    God:    Dithmenos [*.....]
Gold:   24         SH:  0    Dex: 19    Spells: 2/2 levels left

rFire   . . .      SeeInvis +   a - +0 shortbow
rCold   . . .      Faith    .   (no shield)
rNeg    . . .      Spirit   .   c - +0 leather armour
rPois   .          Reflect  .   (helmet unavailable)
rElec   .          Harm     .   (no cloak)
rCorr   .          Rampage  .   (no gloves)
Will    .....                   (no boots)
Stlth   ++........              (no amulet)
HPRegen 0.09/turn               (no ring)
MPRegen 0.08/turn               (no ring)

@: wreathed by umbra
A: permanent stasis, dig shafts and tunnels, antennae 3, four strong arms
a: Dig, Shaft Self, Renounce Religion


You were on level 1 of the Dungeon.
You worshipped Dithmenos.
Dithmenos was aware of your devotion.
You visited 1 branch of the dungeon, and saw 2 of its levels.

You collected 24 gold pieces.

Inventory:

Hand Weapons
 a - a +0 shortbow (weapon)
Armour
 c - a +0 leather armour (worn)
 h - a +0 helmet
Scrolls
 b - a scroll of immolation
 f - a scroll of brand weapon {unknown}
 g - a scroll of vulnerability {unknown}
 i - a scroll of summoning {unknown}
 k - 2 scrolls of butterflies {unknown}
Potions
 d - 2 potions of curing {unknown}
 e - a potion of invisibility {unknown}
 j - a potion of flight {unknown}


   Skills:
 + Level 2.6 Fighting
 + Level 4.7 Ranged Weapons
 + Level 0.2 Armour
 + Level 1.8 Dodging
 + Level 1.2 Stealth


You had 2 spell levels left.
You didn't know any spells.
Your spell library was empty.

Dungeon Overview and Level Annotations

Branches:
Dungeon (2/15)

Altars:
Dithmenos

Annotations:
D:1 Terence
D:2 Jessica


Innate Abilities, Weirdness & Mutations

You cannot be hasted, slowed, berserked, paralysed or teleported.
You can dig through walls and to a lower floor.
You have a pair of large antennae on your head. (SInv)
Your four strong arms can wield two-handed weapons with a shield.


Message History

Terence barely misses you. The hobgoblin completely misses you.
Fire: a) +0 shortbow
Press: ? - help, Shift-Dir - straight line, f/p - Terence
Aim: Terence, wielding a +0 hand axe and wearing a +0 chain mail (severely wounded, umbra, 71% to hit)
You shoot an arrow. The arrow barely misses Terence.
Terence hits you with a +0 hand axe.
The hobgoblin hits you but does no damage.
Fire: a) +0 shortbow
Press: ? - help, Shift-Dir - straight line, f/p - Terence
Aim: Terence, wielding a +0 hand axe and wearing a +0 chain mail (severely wounded, umbra, 71% to hit)
You shoot an arrow. The arrow hits Terence.
Terence is severely wounded.
Terence barely misses you. The hobgoblin closely misses you.
Terence closely misses you. The hobgoblin misses you.
Fire: a) +0 shortbow
Press: ? - help, Shift-Dir - straight line, f/p - Terence
Aim: Terence, wielding a +0 hand axe and wearing a +0 chain mail (severely wounded, umbra, 71% to hit)
You shoot an arrow. The arrow barely misses Terence.
Terence closely misses you. The hobgoblin closely misses you.
Fire: a) +0 shortbow
Press: ? - help, Shift-Dir - straight line, f/p - Terence
Aim: Terence, wielding a +0 hand axe and wearing a +0 chain mail (severely wounded, umbra, 71% to hit)
You shoot an arrow. The arrow barely misses Terence.
Terence closely misses you.
The hobgoblin hits you but does no damage.
Fire: a) +0 shortbow
Press: ? - help, Shift-Dir - straight line, f/p - Terence
Aim: Terence, wielding a +0 hand axe and wearing a +0 chain mail (severely wounded, umbra, 71% to hit)
You shoot an arrow. The arrow barely misses Terence.
Terence shouts, "Get ready for death!"
Terence hits you with a +0 hand axe. The hobgoblin hits you.
Terence hits you with a +0 hand axe.
* * * LOW HITPOINT WARNING * * *
The hobgoblin closely misses you.
Fire: a) +0 shortbow
Press: ? - help, Shift-Dir - straight line, f/p - Terence
Aim: Terence, wielding a +0 hand axe and wearing a +0 chain mail (severely wounded, umbra, 71% to hit)
You shoot an arrow. The arrow barely misses Terence.
Terence hits you with a +0 hand axe!
You die...

#.........### #.........†.##
#.........#..#### ###
####.........##....#####.#
.............##.[........#
...................÷...#.########
.................................
..P≈≈≈≈≈≈≈≈P...@......##.........
..≈≈≈≈≈≈≈≈≈≈....@................
..≈≈≈≈≈≈≈≈≈≈...g......##.........
...≈≈≈≈≈≈≈≈P..........##.........
<)...............................
...≈≈≈≈≈≈≈≈P..........##.........
..≈≈≈≈≈≈≈≈≈≈..........##.........
..≈≈≈≈≈≈≈≈≈≈..........##.........
..P≈≈≈≈≈≈≈≈P..........##.######†#
....................)....######..


You could see Terence and a hobgoblin.

Vanquished Creatures
  A bat (D:1)
  3 endoplasms (D:1)
  2 giant cockroaches (D:1)
  A goblin (D:1)
  6 hobgoblins (D:1)
  2 jackals (D:1)
  2 kobolds (D:1)
  3 ball pythons (D:1)
  2 frilled lizards (D:1)
  2 rats (D:1)
24 creatures vanquished.

Notes
Turn   | Place    | Note
-------+----------+-------------------------------------------
     0 | D:1      | purpskrrrp the Formicid Hunter began the quest for the Orb.
     0 | D:1      | Reached XP level 1. HP: 16/16 MP: 1/1
    26 | D:1      | Found a faded altar of an unknown god.
    30 | D:1      | Prayed at the altar of an unknown god.
    30 | D:1      | Became a worshipper of Dithmenos the Shadowed
    30 | D:1      | Reached * piety under Dithmenos
    78 | D:1      | Reached XP level 2. HP: 14/23 MP: 2/2
   360 | D:1      | Reached XP level 3. HP: 28/28 MP: 3/3
   526 | D:2      | Noticed Terence
   528 | D:2      | Noticed Jessica
   545 | D:1      | Slain by Terence

Illustrated notes

Levels and vault maps discovered:
D:1:      giann_bridges, layout_rooms, hellmonk_ecumenical_altar_inner_sanctum
D:2:      layout_basic, minmay_heptomino_w4, uniq_terence, uniq_jessica

Action                   || total
-------------------------++-------
 Fire: Shortbow          ||    71
Armor: Leather armour    ||    15
Dodge: Dodged            ||    40

Table legend: (Time is in decaauts)
 A = Elapsed time spent in this place.
 B = Non-inter-level travel time spent in this place.
 C = Inter-level travel time spent in this place.
 D = Time resting spent in this place.
 E = Time spent auto-exploring this place.
 F = Levels seen in this place.
 G = Mean time per level.
                   A        B        C        D        E       F      G
               +--------+--------+--------+--------+--------+-----+--------+
         Total |    568 |    568 |      0 |    185 |    212 |   2 |  284.0 |
       Dungeon |    568 |    568 |      0 |    185 |    212 |   2 |  284.0 |
               +--------+--------+--------+--------+--------+-----+--------+

Top non-repeatable levels by time:
     D:1: 551 daAuts
     D:2: 16 daAuts
